AoeStats
← Sir Leonhart

Arena

510065221Analyzed
4v4 RM · 2d ago on Sep 29, 2026· 55m 57s· 8 players
Game mode
Random Map
Map size
Large (8 player)
Population
200
Speed
Normal
Resources
Standard
Victory
Conquest
Starting age
Dark Age
Ending age
Imperial Age
RankedLock teamsTeams togetherTeam positionsShared explorationLock speedFull tech treeHidden civsTurbo modeCheats
Victory
Defeat
🇳🇱 Saxons · Netherlands
1007
+9
🇨🇳 Chinese · China
992
+10
🇹🇷 Hindustanis · Türkiye
942
+12
🇨🇳 Maya · China
910
+13
🇨🇿 Vietnamese · Czechia
881
-12
🇩🇪 Danes · Germany
868
-12
🇮🇪 Teutons · Ireland
831
-10
🇩🇪 Varangians · Germany
822
-10
Bc. .
10:07 Feudal Age
14:35 Castle Age
13:07 Horse Collar
13:52 Double-Bit Axe
15:37 Heavy Plow
19:29 Loom
21:31 Bow Saw
21:09 Town Watch
23:26 Fletching
23:37 Padded Archer Armor
23:28 Elite Skirmisher
25:05 Thumb Ring
25:39 Bodkin Arrow
31:20 Ballistics
30:56 Murder Holes
31:19 Leather Archer Armor
31:11 Gold Mining
37:09 Imperial Age
37:44 Elite Rattan Archer
40:23 Chemistry
39:25 Bracer
39:56 Ring Archer Armor
40:28 Two-Man Saw
39:59 Crop Rotation
40:07 Wheelbarrow
39:34 Town Patrol
39:16 Heavy Cavalry Archer
40:08 Scale Barding Armor
41:32 Imperial Skirmisher
46:43 Fortified Wall
46:29 Pikeman
47:10 Squires
47:23 Forging
47:35 Halberdier
49:05 Iron Casting
51:21 Onager
53:24 Hand Cart
wayneod
9:51 Feudal Age
8:08 Loom
10:20 Double-Bit Axe
10:48 Horse Collar
18:58 Castle Age
17:54 Gold Mining
19:11 Padded Archer Armor
20:43 Wheelbarrow
19:55 Town Watch
19:50 Pikeman
21:05 Bow Saw
21:04 Elite Skirmisher
22:23 Stone Mining
23:51 Forging
23:36 Fletching
42:45 Bodkin Arrow
46:52 Imperial Age
45:42 Scale Mail Armor
46:12 Bloodlines
46:53 Heavy Plow
49:11 Halberdier
52:04 Conscription
54:14 Cavalier
Sir Leonhart
12:44 Feudal Age
20:03 Castle Age
18:45 Gold Mining
19:41 Horse Collar
19:51 Double-Bit Axe
20:02 Stone Mining
28:43 Scale Barding Armor
28:48 Forging
29:35 Scale Mail Armor
29:56 Chain Barding Armor
33:53 Imperial Age
32:13 Wheelbarrow
34:39 Elite Varangian Guard
35:41 Chain Mail Armor
36:02 Iron Casting
35:55 Hand Cart
35:33 Gambesons
35:48 Squires
35:34 Arson
37:18 Plate Mail Armor
36:28 Pikeman
37:44 Conscription
36:46 Gothikon
36:53 Gothikon
40:27 Blast Furnace
39:53 Halberdier
43:30 Fletching
43:41 Padded Archer Armor
48:06 Elite Skirmisher
48:46 Bodkin Arrow
49:06 Leather Archer Armor
49:15 Imperial Skirmisher
anonymer Alfred
3:36 Loom
13:30 Feudal Age
14:03 Town Watch
15:07 Horse Collar
15:15 Double-Bit Axe
17:25 Gold Mining
18:20 Wheelbarrow
21:44 Castle Age
22:37 Pikeman
23:17 Squires
22:41 Elite Skirmisher
23:27 Thumb Ring
24:21 Bow Saw
24:29 Heavy Plow
24:49 Caravan
25:30 Heavy Plow
26:19 Stone Mining
29:25 Gold Shaft Mining
29:47 Ballistics
31:21 Bloodlines
30:34 Light Cavalry
35:50 Imperial Age
34:28 Arson
34:29 Gambesons
35:03 Hamask
37:15 Stone Shaft Mining
36:05 Onager
37:18 Hand Cart
37:00 Fletching
37:12 Padded Archer Armor
37:12 Scale Mail Armor
37:23 Forging
39:54 Hoardings
40:39 Siege Onager
42:40 Imperial Skirmisher
42:42 Cranequins
54:33 Elite Jomsviking
sonsehzadee
9:35 Feudal Age
8:43 Loom
14:58 Double-Bit Axe
18:19 Castle Age
16:20 Gold Mining
16:24 Stone Mining
17:15 Horse Collar
21:01 Heavy Plow
23:12 Stone Shaft Mining
23:29 Wheelbarrow
25:44 Hand Cart
29:36 Gold Shaft Mining
32:19 Imperial Age
30:05 Bow Saw
32:00 Husbandry
32:10 Bloodlines
32:12 Scale Barding Armor
32:43 Heavy Camel Rider
33:45 Conscription
33:29 Grand Trunk Road
34:06 Hoardings
34:08 Chain Barding Armor
33:59 Forging
35:48 Two-Man Saw
34:28 Imperial Camel Rider
panda
0:42 Loom
10:49 Feudal Age
11:09 Feudal Age
16:15 Castle Age
14:11 Horse Collar
14:31 Double-Bit Axe
17:42 Heavy Plow
18:08 Bow Saw
29:12 Imperial Age
26:39 Gold Mining
28:00 Wheelbarrow
28:33 Thumb Ring
29:25 Hand Cart
28:55 Town Watch
29:04 Pikeman
29:46 Squires
30:53 Elite Chu Ko Nu
32:05 Conscription
31:55 Padded Archer Armor
31:47 Fletching
32:45 Ballistics
33:27 Chemistry
32:40 Masonry
33:03 Bodkin Arrow
33:24 Leather Archer Armor
34:18 Bracer
37:23 Bloodlines
37:14 Husbandry
36:34 Light Cavalry
37:48 Ring Archer Armor
37:29 Forging
37:26 Scale Barding Armor
40:16 Rocketry
41:28 Chain Barding Armor
41:44 Iron Casting
43:13 Architecture
43:17 Heavy Plow
44:19 Two-Man Saw
44:00 Gold Shaft Mining
43:16 Stone Mining
46:49 Plate Barding Armor
47:15 Blast Furnace
49:30 Great Wall
50:57 Scale Mail Armor
51:02 Capped Ram
52:22 Siege Ram
55:07 Stone Shaft Mining
54:50 Chain Mail Armor
873108255
2:40 Loom
11:49 Feudal Age
13:19 Wheelbarrow
12:51 Double-Bit Axe
16:35 Castle Age
15:34 Horse Collar
17:34 Crossbowman
18:46 Fletching
19:54 Gold Mining
24:55 Padded Archer Armor
27:15 Stone Mining
30:10 Stone Shaft Mining
31:24 Bow Saw
37:39 Bodkin Arrow
39:17 Hand Cart
39:23 Hand Cart
38:54 Town Watch
45:19 Imperial Age
43:07 Fortified Wall
43:22 Leather Archer Armor
44:15 Hul'che Javelineers
46:09 Arbalester
47:42 Bracer
48:58 Two-Man Saw
48:00 Town Patrol
48:47 Thumb Ring
48:05 Elite Skirmisher
49:55 Onager
52:22 Ballistics
54:23 Chemistry
54:02 Hoardings
55:02 Masonry
56:26 Heavy Plow
MrSniffers
11:10 Feudal Age
13:12 Double-Bit Axe
13:22 Horse Collar
16:12 Castle Age
14:54 Gold Mining
14:58 Stone Mining
18:23 Bow Saw
19:09 Wheelbarrow
19:34 Loom
24:08 Squires
27:31 Scale Mail Armor
27:33 Gambesons
33:16 Imperial Age
31:25 Heavy Plow
32:49 Forging
33:21 Chain Mail Armor
35:09 Plate Mail Armor
34:07 Shield Wall
36:05 Two-Man Saw
34:41 Elite Varangian Guard
39:39 Onager
41:13 Iron Casting
41:00 Conscription
42:52 Gold Shaft Mining
44:23 Elite Hearth Troop
47:23 Fletching
48:33 Bodkin Arrow
49:22 Elite Skirmisher
50:11 Thumb Ring
50:39 Ballistics
50:01 Treadmill Crane
51:08 Padded Archer Armor
52:15 Chemistry
52:15 Capped Ram
Connection lost

Rejoining the realm…

Still unreachable

The connection could not be restored.

Session expired

The server has moved on; the page needs a fresh start.